 Dungeon Crawl Stone Soup version 0.31.0-32-g396128a36d (webtiles) character file.

Game seed: 5936260661818400061

228 chippings the Changeling (level 5, -7/45 HPs)
             Began as a Draconian Shapeshifter on Mar 29, 2024.
             Mangled by an ogre
             ... wielding a +0 giant spiked club
              (23 damage)
             ... on level 4 of the Dungeon.
             The game lasted 00:06:24 (2673 turns).

chippings the Changeling (Draconian Shapeshifter)   Turns: 2673, Time: 00:06:25

Health: -7/45      AC:  6    Str: 16    XL:     5   Next: 71%
Magic:  5/5        EV: 12    Int: 13    God:
Gold:   81         SH:  0    Dex: 10    Spells: 4/4 levels left

rFire   . . .        g - +3 whip (elec)
rCold   . . .        (no shield)
rNeg    . . .        (body armour unavailable)
rPois   .            (helmet restricted)
rElec   .            (no cloak)
rCorr   .            (no gloves)
SInv    .            D - +0 pair of boots
Will    .....        q - amulet of the acrobat
Stlth   +            t - ring of wizardry
HPRegen 0.27/turn    (no ring)
MPRegen 0.09/turn

%: acrobat, wizardry (x1)
@: studying Throwing
A: AC +5, unfitting armour, cold-blooded
a: no special abilities


You were on level 4 of the Dungeon.
You visited 1 branch of the dungeon, and saw 4 of its levels.

You collected 196 gold pieces.
You spent 115 gold pieces at shops.

Inventory:

Hand Weapons
 g - a +3 whip of electrocution (weapon)
Armour
 w - the +0 pair of fencer's gloves {Riposte Dex+3}
   (You acquired it on level 3 of the Dungeon)

   Riposte:   It allows the wearer to riposte with melee weapons, swiftly
   retaliating against missed or blocked melee attacks.
   Dex+3:     It affects your dexterity (+3).
 D - a +0 pair of boots (worn)
Jewellery
 q - an amulet of the acrobat (around neck)
 t - a ring of wizardry (left hand)
Talismans
 b - a beast talisman
 c - a flux talisman
 n - a blade talisman
 r - a dragon-blood talisman
Scrolls
 e - 3 scrolls of immolation
 f - a scroll of butterflies
 i - 2 scrolls of identify {unknown}
 k - 3 scrolls of teleportation
 l - 2 scrolls of blinking
 o - a scroll of fog {unknown}
 p - a scroll of enchant armour {unknown}
 u - a scroll of brand weapon {unknown}
 v - a scroll of amnesia {unknown}
 y - a scroll of vulnerability {unknown}
 z - a scroll of torment {unknown}
 A - 2 scrolls of noise {unknown}
 B - a scroll of fear {unknown}
 C - 2 scrolls of silence {unknown}
Potions
 a - a potion of lignification
 d - 4 potions of curing {unknown}
 h - a potion of attraction {unknown}
 j - 3 potions of haste {unknown}
 m - a potion of cancellation {unknown}
 s - a potion of degeneration {unknown}
 x - 2 potions of mutation {unknown}


   Skills:
 + Level 3.1 Fighting
 + Level 2.2 Maces & Flails
 + Level 3.1 Dodging
 - Level 3.2 Unarmed Combat
 - Level 3.9 Shapeshifting


You had 4 spell levels left.
You didn't know any spells.
Your spell library contained the following spells:

 Spells                   Type           Power      Damage    Failure   Level
 Summon Small Mammal      Summ           0%         N/A       12%         1
 Silence                  Hex/Air        0%         N/A       96%         5
 Conjure Ball Lightning   Conj/Air       0%         3x3d6     100%        6
 Maxwell's Capacitive Co  Air            0%         ∞         100%        8


Dungeon Overview and Level Annotations

Branches:
Dungeon (4/15)
 Temple: D:4-7

Altars:
Trog

Shops:
D:2 ?


Innate Abilities, Weirdness & Mutations

Your plain brown scales are hard. (AC +5)
You cannot fit into any form of body armour.
You are cold-blooded and may be slowed by cold attacks.


Message History

A goblin comes into view. It is wielding a +0 dagger.
The goblin shouts!
The goblin unwields a +0 dagger.
The goblin wields a +0 sling.
The goblin shoots a sling bullet.
The sling bullet completely misses you.
The goblin shoots a sling bullet.
The sling bullet completely misses you.
The goblin shoots a sling bullet.
The sling bullet completely misses you.
The goblin shoots a sling bullet.
The sling bullet completely misses you.
You hit the goblin. Lightning courses through the goblin!
You kill the goblin!
Things that are here:
a +0 sling; a +0 dagger; a goblin corpse
Found 2 scrolls labelled DIRGHINL NUAR.
C - 2 scrolls labelled DIRGHINL NUAR
Found a pair of boots.
Found a mace.
You see here a +0 pair of boots.
D - a +0 pair of boots You start putting on your armour.
You continue putting on your +0 pair of boots. x4
You finish putting on your +0 pair of boots.
Found an escape hatch in the floor.
Found 4 boomerangs.
You see here a +0 mace.
An ogre comes into view. It is wielding a +0 giant spiked club.
The ogre shouts!
An endoplasm and a ball python come into view.
The endoplasm quivers.
The ball python hisses angrily.
The endoplasm moves out of view.
The endoplasm jiggles.
There is an escape hatch in the floor here.
You hit the ogre.
The ogre is lightly wounded.
The ogre hits you with a +0 giant spiked club!!
Ouch! That really hurt!
You whack the ogre!
The ogre is moderately wounded.
The ogre hits you with a +0 giant spiked club!!
Ouch! That really hurt!
You die...

####...S##
.........#
#######..## ##..
#>..#####....(
##.....)..#
##..##...###
#SJ####.##
###O## #.#
##.@## #.##
#..##
#..########
.......##
#.....#....
#......
#..........
##....#
#....#####..
#.... #......##
##. #....
..####...######.
#... ##.........
#... ###.......


You could see an ogre, an endoplasm and a ball python.

Vanquished Creatures
  2 bombardier beetles
  Terence (D:3)
  3 adders
  3 dart slugs
  4 ribbon worms
  8 ball pythons
  8 bats
  8 endoplasms
  5 giant cockroaches
  11 hobgoblins
  4 jackals
  2 quokkas (D:2)
  7 frilled lizards
  7 goblins
  16 kobolds
  7 rats
96 creatures vanquished.

Notes
Turn   | Place    | Note
-------+----------+-------------------------------------------
     0 | D:1      | chippings the Draconian Shapeshifter began the quest for
                  | the Orb.
     0 | D:1      | Reached XP level 1. HP: 16/16 MP: 1/1
   211 | D:1      | Reached XP level 2. HP: 4/23 MP: 2/2
   220 | D:1      | HP: 1/23 [kobold/+0 short sword (3)]
   496 | D:1      | Reached XP level 3. HP: 24/29 MP: 3/3
   943 | D:1      | Found a faded altar of an unknown god.
  1124 | D:2      | Reached skill level 1 in Maces & Flails
  1124 | D:2      | Reached XP level 4. HP: 36/36 MP: 4/4
  1220 | D:2      | Found Plog's Magic Scroll Shoppe.
  1249 | D:2      | Bought a scroll of enchant weapon for 82 gold pieces
  1249 | D:2      | Bought a scroll of teleportation for 33 gold pieces
  1805 | D:3      | Noticed Terence
  1815 | D:3      | Reached XP level 5. HP: 40/42 MP: 5/5
  1819 | D:3      | Killed Terence
  2200 | D:3      | Found a bloodstained altar of Trog.
  2300 | D:3      | Identified a scroll of acquirement
  2300 | D:3      | Acquired the +0 pair of fencer's gloves {Riposte Dex+3}
  2300 | D:3      | Found the +0 pair of fencer's gloves {Riposte Dex+3}
  2315 | D:3      | Got the Encyclopedia of Breezy Creation
  2658 | D:4      | Noticed an ogre
  2673 | D:4      | Mangled by an ogre

Illustrated notes

Levels and vault maps discovered:
D:1:      evilmike_arrival_rings, layout_loops_ring,
          hellmonk_ecumenical_altar_prayer_group, minmay_ruptured
D:2:      layout_basic, serial_shops, nicolae_shop_gibbet_a_chance,
          minmay_divided_ellipse
D:3:      layout_loops_ring, mainiacjoe_overflow_cross_hatched,
          amcnicky_mini_rare_corridor_liquid, uniq_terence
D:4:      layout_layer_cave, serial_glass, glass_columns_b, glass_columns_a,
          feat_on_display

Skill      XL: |  1  2  3  4  5 |
---------------+----------------+-----
Dodging        | 2 3 |  3.1
Fighting       | 2 3 |  3.1
Maces & Flails | 1 2 |  2.2
Unarmed Combat | |  3.2
Shapeshifting  | |  3.9

Action                     |  1- 3 |  4- 6 || total
---------------------------+-------+-------++-------
  Melee: Unarmed           |    51 |       ||    51
         Tailslap          |    10 |    10 ||    20
         Whip              |    52 |   104 ||   156
         Punch             |     2 |     3 ||     5
Ability: Begin Untransform |       |     1 ||     1
    Use: Scroll            |       |     5 ||     5
   Stab: Sleeping          |     2 |     1 ||     3
 Armour: Skin              |    45 |    34 ||    79
  Dodge: Dodged            |    58 |    78 ||   136
